 Dungeon Crawl Stone Soup version 0.26-a0-1139-g7d2dc893a1 (webtiles) character file.

Game seed: 3037431816403873421

51 vvl the Skirmisher (level 3, 0/40 HPs)
             Began as an Ogre Fighter on Dec 21, 2020.
             Slain by a gnoll
             ... wielding a +0 halberd
              (11 damage)
             ... on level 2 of the Dungeon.
             The game lasted 00:04:11 (1610 turns).

vvl the Skirmisher (Ogre Fighter)                   Turns: 1610, Time: 00:04:11

Health: 0/40       AC:  3    Str: 21    XL:     3   Next: 81%
Magic:  3/3        EV:  8    Int:  9    God:
Gold:   60         SH:  8    Dex:  8    Spells: 2/2 levels left

rFire    . . .     SeeInvis .   a - +0 trident
rCold    . . .     Faith    .   c - +0 kite shield
rNeg     . . .     Spirit   .   b - +0 robe
rPois    .         Reflect  .   (helmet restricted)
rElec    .         Harm     .   (no cloak)
rCorr    .         Rampage  .   (gloves unavailable)
Will     .....                  (boots unavailable)
Stlth    +.........             (no amulet)
HPRegen  0.13/turn              (no ring)
MPRegen  0.08/turn              (no ring)

@: no status effects
A: large, unfitting armour, tough skin 1
a: no special abilities


You were on level 2 of the Dungeon.
You visited 1 branch of the dungeon, and saw 2 of its levels.

You collected 60 gold pieces.

Inventory:

Hand Weapons
 a - a +0 trident (weapon)
Armour
 b - a +0 robe (worn)
 c - a +0 kite shield (worn)
Scrolls
 f - a scroll of fear {unknown}
 h - a scroll of blinking {unknown}
 i - a scroll of fog {unknown}
 j - a scroll of noise {unknown}
 k - 2 scrolls of enchant weapon {unknown}
 m - a scroll of teleportation {unknown}
 n - a scroll of identify {unknown}
Potions
 d - 2 potions of might
 e - 3 potions of lignification {unknown}
 g - a potion of brilliance {unknown}
 l - a potion of resistance {unknown}


   Skills:
 + Level 4.5 Fighting
 * Level 2.9 Polearms
 + Level 3.0 Dodging
 + Level 3.0 Shields


You had 2 spell levels left.
You didn't know any spells.
Your spell library was empty.

Dungeon Overview and Level Annotations

Branches:
Dungeon (2/15)

Altars:

Annotations:
D:1 1 runed translucent door


Innate Abilities, Weirdness & Mutations

You are too large for most types of armour.
You have tough skin. (AC +1)


Message History

You reach to attack!
You hit the gnoll.
The gnoll is lightly wounded.
The gnoll hits you from afar with a +0 halberd.
You reach to attack!
Your shield prevents you from hitting the gnoll.
The gnoll is lightly wounded.
The gnoll hits you from afar with a +0 halberd. x2
You are too injured to fight recklessly!
You block the gnoll's attack.
You see here a bat corpse.
The gnoll hits you from afar with a +0 halberd.
You hit the gnoll.
The gnoll is heavily wounded.
The gnoll hits you with a +0 halberd!
* * * LOW HITPOINT WARNING * * *
You barely miss the gnoll.
The gnoll is heavily wounded.
You block the gnoll's attack.
The gnoll hits you from afar with a +0 halberd!
You die...

#.# #.# #.. #########.#
#.####.# #.........#
#....#.# #.#########
####.#.# .# #(#######
#.#.#######.< #.......#
#............ #######.#
###.###......
###.##########..........<..
+.......g.gg@.........(.<..
###.##########.##........#
#.# #..........##
######g###### #.###........
.........†gg.## #.#
#....#### ........####..#
#.. +....# #.####### ##'#
#.###....#
..$....g..##.#.....<#
...?..g...# #...†#.#


You could see 3 gnolls.

Vanquished Creatures
  An adder (D:2)
  An ooze (D:1)
  2 dart slugs (D:1)
  2 leopard geckos (D:1)
  A bat (D:2)
  2 goblins (D:1)
  4 hobgoblins (D:1)
  9 jackals (D:1)
  3 kobolds (D:1)
  A frilled lizard (D:1)
  2 rats (D:1)
28 creatures vanquished.

Notes
Turn   | Place    | Note
-------+----------+-------------------------------------------
     0 | D:1      | vvl the Ogre Fighter began the quest for the Orb.
     0 | D:1      | Reached XP level 1. HP: 24/24 MP: 1/1
     1 | D:1      | Found a runed translucent door.
   190 | D:1      | Reached XP level 2. HP: 27/32 MP: 2/2
   677 | D:1      | Reached XP level 3. HP: 26/39 MP: 3/3
  1610 | D:2      | Slain by a gnoll

Illustrated notes

Levels and vault maps discovered:
D:1:      dpeg_arrival_caged_fury, layout_basic
D:2:      layout_basic

Skill      XL: |  1  2  3 |
---------------+----------+-----
Dodging        | 3 |  3.0
Shields        | 3 |  3.0
Fighting       | |  4.5
Polearms       | |  2.9

Action                   || total
-------------------------++-------
Melee: Trident           ||    99
 Stab: Sleeping          ||     1
Armor: Robe              ||    20
Dodge: Dodged            ||    28
Block: Kite shield       ||    31

Table legend: (Time is in decaauts)
 A = Elapsed time spent in this place.
 B = Non-inter-level travel time spent in this place.
 C = Inter-level travel time spent in this place.
 D = Time resting spent in this place.
 E = Time spent auto-exploring this place.
 F = Levels seen in this place.
 G = Mean time per level.
                   A        B        C        D        E       F      G
               +--------+--------+--------+--------+--------+-----+--------+
         Total |   1635 |   1633 |      2 |      0 |   1425 |   2 |  817.5 |
       Dungeon |   1635 |   1633 |      2 |      0 |   1425 |   2 |  817.5 |
               +--------+--------+--------+--------+--------+-----+--------+

Top non-repeatable levels by time:
     D:1: 1521 daAuts
     D:2: 113 daAuts
